AoeStats
← Cr3ep

African Clearing

510700089Analyzed
4v4 RM · 2d ago on Oct 2, 2026· 65m 11s· 8 players
Game mode
Random Map
Map size
Large (8 player)
Population
200
Speed
Normal
Resources
Standard
Victory
Conquest
Starting age
Dark Age
Ending age
Imperial Age
RankedLock teamsTeams togetherTeam positionsShared explorationLock speedFull tech treeHidden civsTurbo modeCheats
Victory
Defeat
🇲🇽 Berbers · Mexico
1084
+12
🇨🇳 Vietnamese · China
942
+17
🇲🇽 Slavs · Mexico
930
+18
🇲🇽 Britons · Mexico
919
+51
🇲🇽 Huns · Mexico
986
-17
🇬🇧 Danes · United Kingdom
978
-16
🇬🇧 Dravidians · United Kingdom
975
-16
🇨🇦 Varangians · Canada
956
-16
ralph85
9:24 Loom
14:05 Feudal Age
14:59 Double-Bit Axe
18:35 Scale Barding Armor
21:06 Man-at-Arms
27:06 Castle Age
26:26 Stone Mining
29:11 Thumb Ring
30:42 Fletching
32:40 Gold Mining
34:31 Squires
36:08 Ballistics
36:18 Hamask
37:04 Scale Mail Armor
36:29 Elite Skirmisher
37:04 Arson
37:05 Gambesons
38:36 Murder Holes
39:34 Forging
39:43 Chain Mail Armor
43:07 Horse Collar
43:09 Pikeman
44:40 Masonry
44:46 Heavy Plow
46:44 Bow Saw
47:59 Bodkin Arrow
48:16 Forging
47:32 Long Swordsman
55:02 Imperial Age
53:11 Wheelbarrow
55:00 Padded Archer Armor
55:52 Siege Engineers
56:48 Chemistry
56:30 Conscription
57:16 Plate Mail Armor
56:54 Elite Varangian Guard
60:11 Elite Jomsviking
64:01 Arrowslits
azaelo14
4:45 Loom
15:37 Feudal Age
27:33 Castle Age
25:31 Double-Bit Axe
27:22 Fletching
27:27 Gold Mining
28:19 Bodkin Arrow
29:05 Padded Archer Armor
34:29 Town Watch
34:22 Pikeman
40:07 Bloodlines
43:55 Elite Skirmisher
53:17 Imperial Age
51:58 Forging
51:49 Scale Mail Armor
52:06 Leather Archer Armor
57:28 Chain Mail Armor
kuro3bb
7:37 Loom
14:17 Feudal Age
15:00 Double-Bit Axe
15:53 Wheelbarrow
15:39 Gold Mining
21:47 Castle Age
20:38 Stone Mining
21:50 Forging
22:57 Hand Cart
23:13 Bow Saw
26:36 Horse Collar
30:15 Scale Mail Armor
37:18 Husbandry
37:28 Husbandry
37:34 Scale Barding Armor
38:05 Iron Casting
37:46 Chain Mail Armor
40:09 Elite Skirmisher
42:43 Thumb Ring
45:03 Fletching
45:14 Padded Archer Armor
55:16 Imperial Age
56:42 Conscription
56:28 Elite Urumi Swordsman
58:58 Wootz Steel
62:20 Blast Furnace
61:51 Plate Mail Armor
John
3:27 Loom
12:37 Feudal Age
14:47 Bloodlines
21:27 Horse Collar
23:25 Gold Mining
27:40 Fletching
29:01 Padded Archer Armor
31:53 Castle Age
32:52 Elite Skirmisher
44:02 Gambesons
45:06 Squires
47:27 Pikeman
48:20 Arson
49:16 Wheelbarrow
50:11 Wheelbarrow
50:52 Heavy Plow
AlverthXIII
6:08 Loom
16:17 Feudal Age
22:25 Castle Age
23:07 Castle Age
21:58 Double-Bit Axe
24:57 Bloodlines
27:35 Scale Barding Armor
36:12 Bow Saw
38:21 Wheelbarrow
38:51 Chain Barding Armor
40:26 Hand Cart
40:46 Forging
41:20 Husbandry
41:34 Husbandry
41:46 Horse Collar
41:46 Pikeman
43:03 Iron Casting
43:48 Town Watch
44:12 Scale Mail Armor
43:59 Arson
44:18 Squires
44:37 Gold Mining
48:30 Imperial Age
46:33 Chain Mail Armor
48:06 Gold Shaft Mining
47:40 Town Patrol
48:18 Caravan
49:38 Conscription
49:21 Kasbah
50:03 Hoardings
50:47 Plate Barding Armor
49:35 Cavalier
51:37 Blast Furnace
51:40 Hoardings
52:57 Plate Mail Armor
54:25 Heavy Camel Rider
56:05 Fletching
57:20 Maghrebi Camels
57:52 Heavy Plow
57:46 Stone Mining
Cr3ep
11:05 Loom
12:51 Feudal Age
14:45 Double-Bit Axe
18:13 Fletching
19:01 Wheelbarrow
22:31 Town Watch
23:03 Padded Archer Armor
27:27 Castle Age
27:33 Crossbowman
28:11 Bodkin Arrow
28:32 Leather Archer Armor
32:31 Ballistics
32:25 Masonry
32:43 Hand Cart
35:39 Gold Mining
35:50 Stone Mining
46:25 Murder Holes
50:43 Imperial Age
51:29 Bracer
52:00 Ring Archer Armor
52:52 Chemistry
52:27 Architecture
52:10 Horse Collar
56:10 Elite Longbowman
62:13 Siege Engineers
64:27 Yeomen
杰哥真棒
6:39 Loom
15:45 Feudal Age
18:09 Double-Bit Axe
20:50 Castle Age
19:54 Fletching
20:45 Padded Archer Armor
22:29 Crossbowman
23:51 Wheelbarrow
30:08 Leather Archer Armor
31:49 Gold Mining
31:50 Stone Mining
40:42 Imperial Age
38:38 Chatras
40:36 Horse Collar
42:14 Scale Mail Armor
42:26 Forging
42:53 Heavy Plow
43:34 Scale Barding Armor
44:13 Bloodlines
45:12 Chain Barding Armor
46:31 Iron Casting
46:32 Plate Barding Armor
47:21 Elite Battle Elephant
49:23 Husbandry
55:29 Hand Cart
62:02 Bow Saw
65:47 Paper Money
SER
11:16 Loom
13:21 Feudal Age
14:42 Town Watch
16:20 Double-Bit Axe
24:58 Horse Collar
29:51 Castle Age
28:13 Fletching
30:32 Town Patrol
30:48 Bow Saw
31:14 Bodkin Arrow
37:11 Scale Barding Armor
37:22 Bloodlines
38:18 Heavy Plow
43:55 Chain Barding Armor
43:28 Gold Mining
45:30 Gold Shaft Mining
48:28 Imperial Age
48:00 Forging
50:53 Two-Man Saw
50:23 Crop Rotation
51:59 Plate Barding Armor
51:26 Husbandry
55:47 Block Printing
58:55 Chemistry
61:42 Siege Engineers
Connection lost

Rejoining the realm…

Still unreachable

The connection could not be restored.

Session expired

The server has moved on; the page needs a fresh start.